TOP OF THE 1ST |
Pawnee ParksNRec batting - Pitching for Calgary Lynx : RHP Roy Shively
|
Pitching: RHP Roy Shively
|
|
Batting: LHB Ryan Marken
|
0-0: SINGLE (Groundball, 6D)
|
Batting: SHB Júlio Camacho
|
0-0: Ball 1-0: Ball 2-0: Swinging Strike 2-1: Called Strike 2-2: Foul Ball, location: 2F 2-2: Fly out, F5 (Popup, 5SF)
|
Batting: RHB Nick Boyd
|
0-0: Ball 1-0: Grounds into double play, 6-4-3 (Groundball, 6)
|
Top of the 1st over - 0 runs, 1 hit, 0 errors, 0 left on base; Pawnee 0 - Calgary 0 |
BOTTOM OF THE 1ST |
Calgary Lynx batting - Pitching for Pawnee ParksNRec : RHP Howard Finch
|
Pitching: RHP Howard Finch
|
|
Batting: LHB Daniel García
|
0-0: Ball 1-0: DOUBLE (Line Drive, 89D)
|
Batting: LHB Francisco Santos
|
0-0: Ball 1-0: Swinging Strike 1-1: Ball 2-1: Ball 3-1: Swinging Strike 3-2: Foul Ball, location: 2F 3-2: Base on Balls
|
Batting: RHB Tony Farquharson
|
0-0: Called Strike 0-1: Ball 1-1: Called Strike 1-2: SINGLE (Line Drive, 8RS) Daniel García to third Francisco Santos to second
|
Batting: RHB Álex Estrada
|
0-0: Called Strike 0-1: Ball 1-1: Fly out, F2 (Popup, 23F)
|
Batting: RHB Miguel Rosales
|
0-0: Called Strike 0-1: Ball 1-1: SINGLE (Groundball, 34S) (infield hit) Daniel García scores Francisco Santos to third Tony Farquharson to second
|
Batting: SHB Lowell Moon
|
0-0: Grounds out, U3 (Groundball, 3L) Francisco Santos scores Tony Farquharson to third
|
Batting: RHB Logan Namajunas
|
0-0: Swinging Strike 0-1: Ball 1-1: Ball 2-1: Foul Ball, location: 2F 2-2: Strikes out swinging
|
Bottom of the 1st over - 2 runs, 3 hits, 0 errors, 2 left on base; Pawnee 0 - Calgary 2 |
TOP OF THE 2ND |
Pawnee ParksNRec batting - Pitching for Calgary Lynx : RHP Roy Shively
|
Batting: SHB Vicente Pueblo
|
0-0: Called Strike 0-1: Swinging Strike 0-2: Strikes out swinging
|
Batting: RHB Ken Bone
|
0-0: Hit by Pitch
|
Batting: RHB Brant Thigpen
|
0-0: Ball 1-0: Ball 2-0: Ball 3-0: Called Strike 3-1: Foul Ball, location: 2F 3-2: Foul Ball, location: 2F 3-2: Base on Balls Ken Bone to second
|
Batting: RHB Britt Lynch
|
0-0: Called Strike 0-1: Ball 1-1: Called Strike 1-2: Foul Ball, location: 2F 1-2: Foul Ball, location: 2F 1-2: Ball 2-2: Ball 3-2: Foul Ball, location: 2F 3-2: Foul Ball, location: 2F 3-2: Fly out, F7 (Line Drive, 7D)
|
Batting: SHB Dennis Barraclough
|
0-0: Ball 1-0: Ground out 6-3 (Groundball, 6S)
|
Top of the 2nd over - 0 runs, 0 hits, 0 errors, 2 left on base; Pawnee 0 - Calgary 2 |
BOTTOM OF THE 2ND |
Calgary Lynx batting - Pitching for Pawnee ParksNRec : RHP Howard Finch
|
Batting: RHB Bass Reeves
|
0-0: Ball 1-0: Foul Ball, location: 2F 1-1: Called Strike 1-2: Ball 2-2: Ball 3-2: Base on Balls
|
Batting: RHB Michael Garrett
|
0-0: Ball 1-0: Called Strike 1-1: Called Strike 1-2: Ball 2-2: Ball 3-2: Fly out, F8 (Flyball, 8LM)
|
Batting: LHB Daniel García
|
0-0: Ball 1-0: Fielders Choice at 2nd, 3-6 (Groundball, 3)
|
Batting: LHB Francisco Santos
|
0-0: Ball 1-0: Swinging Strike 1-1: Fly out, F8 (Flyball, 8RM)
|
Bottom of the 2nd over - 0 runs, 0 hits, 0 errors, 1 left on base; Pawnee 0 - Calgary 2 |
TOP OF THE 3RD |
Pawnee ParksNRec batting - Pitching for Calgary Lynx : RHP Roy Shively
|
Batting: LHB Felipe Trujillo
|
0-0: Ball 1-0: Ball 2-0: Ball 3-0: Called Strike 3-1: Foul Ball, location: 2F 3-2: SINGLE (Groundball, 6D)
|
Batting: LHB Ryan Marken
|
0-0: Called Strike 0-1: SINGLE (Groundball, 34D) Felipe Trujillo to second Runner from 2nd tries for 3rd, SAFE, no throw
|
Batting: SHB Júlio Camacho
|
0-0: Ball 1-0: Ball 2-0: Grounds out, U3 (Groundball, 3L) Felipe Trujillo scores
|
Batting: RHB Nick Boyd
|
0-0: Foul Ball, location: 2F 0-1: Called Strike 0-2: Foul Ball, location: 2F 0-2: Foul Ball, location: 2F 0-2: Ground out U3 (Groundball, 34) Ryan Marken to third
|
Batting: SHB Vicente Pueblo
|
0-0: Called Strike 0-1: Called Strike 0-2: Ball 1-2: Ball 2-2: Strikes out looking
|
Top of the 3rd over - 1 run, 2 hits, 0 errors, 1 left on base; Pawnee 1 - Calgary 2 |
BOTTOM OF THE 3RD |
Calgary Lynx batting - Pitching for Pawnee ParksNRec : RHP Howard Finch
|
Batting: RHB Tony Farquharson
|
0-0: Ball 1-0: Foul Ball, location: 2F 1-1: Ball 2-1: SINGLE (Line Drive, 6MD)
|
Batting: RHB Álex Estrada
|
0-0: Ball 1-0: Called Strike 1-1: Fly out, F8 (Flyball, 8LD)
|
Batting: RHB Miguel Rosales
|
0-0: Ball 1-0: 2-RUN HOME RUN (Flyball, 9LD), Distance : 329 ft
|
Batting: SHB Lowell Moon
|
0-0: Ground out U3 (Groundball, 3)
|
Batting: RHB Logan Namajunas
|
0-0: Foul Ball, location: 2F 0-1: Foul Ball, location: 2F 0-2: Ball 1-2: Foul Ball, location: 2F 1-2: SINGLE (Line Drive, 4) (infield hit)
|
Batting: RHB Bass Reeves
|
0-0: Ball 1-0: Fielders Choice at 2nd, 6-4 (Groundball, 6D)
|
Bottom of the 3rd over - 2 runs, 3 hits, 0 errors, 1 left on base; Pawnee 1 - Calgary 4 |
TOP OF THE 4TH |
Pawnee ParksNRec batting - Pitching for Calgary Lynx : RHP Roy Shively
|
Batting: RHB Ken Bone
|
0-0: Ball 1-0: Ball 2-0: Ball 3-0: Called Strike 3-1: Called Strike 3-2: Strikes out swinging
|
Batting: RHB Brant Thigpen
|
0-0: Ball 1-0: Called Strike 1-1: Ground out 5-3 (Groundball, 56S)
|
Batting: RHB Britt Lynch
|
0-0: Ball 1-0: Called Strike 1-1: Foul Ball, location: 2F 1-2: Ball 2-2: Foul Ball, location: 2F 2-2: Ball 3-2: SINGLE (Line Drive, 56)
|
Batting: SHB Dennis Barraclough
|
0-0: Foul Ball, location: 2F 0-1: Ball 1-1: Ball 2-1: Ball 3-1: Base on Balls Britt Lynch to second
|
Batting: LHB Felipe Trujillo
|
0-0: Ball 1-0: Swinging Strike 1-1: Foul Ball, location: 2F 1-2: Strikes out swinging
|
Top of the 4th over - 0 runs, 1 hit, 0 errors, 2 left on base; Pawnee 1 - Calgary 4 |
BOTTOM OF THE 4TH |
Calgary Lynx batting - Pitching for Pawnee ParksNRec : RHP Howard Finch
|
Batting: RHB Michael Garrett
|
0-0: Ball 1-0: SINGLE (Groundball, 6MD)
|
Batting: LHB Daniel García
|
0-0: Ball 1-0: Foul Ball, location: 2F 1-1: Ball 2-1: Ground out U3 (Groundball, 34) Michael Garrett to second
|
Batting: LHB Francisco Santos
|
0-0: Ball 1-0: Foul Ball, location: 2F 1-1: Called Strike 1-2: 2-RUN HOME RUN (Flyball, 89XD), Distance : 407 ft
|
Batting: RHB Tony Farquharson
|
0-0: Ball 1-0: Ball 2-0: Ball 3-0: Base on Balls
|
Pitching: RHP Francisco Luevanos
|
|
Batting: RHB Álex Estrada
|
0-0: Fly out, F3 (Popup, 23F)
|
Batting: RHB Miguel Rosales
|
0-0: Swinging Strike 0-1: Ground out 6-3 (Groundball, 6)
|
Bottom of the 4th over - 2 runs, 2 hits, 0 errors, 1 left on base; Pawnee 1 - Calgary 6 |
TOP OF THE 5TH |
Pawnee ParksNRec batting - Pitching for Calgary Lynx : RHP Roy Shively
|
Batting: LHB Ryan Marken
|
0-0: Ball 1-0: Ball 2-0: Foul Ball, location: 2F 2-1: Ground out 4-3 (Groundball, 4)
|
Batting: SHB Júlio Camacho
|
0-0: Ball 1-0: Fly out, F3 (Line Drive, 3L)
|
Batting: RHB Nick Boyd
|
0-0: Ball 1-0: Foul Ball, location: 2F 1-1: SINGLE (Groundball, 56D)
|
Batting: SHB Vicente Pueblo
|
0-0: Called Strike 0-1: 2-RUN HOME RUN (Flyball, 9LD), Distance : 335 ft
|
Batting: RHB Ken Bone
|
0-0: Ball 1-0: Foul Ball, location: 2F 1-1: Foul Ball, location: 2F 1-2: Strikes out swinging
|
Top of the 5th over - 2 runs, 2 hits, 0 errors, 0 left on base; Pawnee 3 - Calgary 6 |
BOTTOM OF THE 5TH |
Calgary Lynx batting - Pitching for Pawnee ParksNRec : RHP Francisco Luevanos
|
Batting: SHB Lowell Moon
|
0-0: Bunt missed! 0-1: Ground out 1-3 (Groundball, 15S)
|
Batting: RHB Logan Namajunas
|
0-0: Ball 1-0: Ball 2-0: Called Strike 2-1: Foul Ball, location: 2F 2-2: Strikes out looking
|
Batting: RHB Bass Reeves
|
0-0: Called Strike 0-1: Foul Ball, location: 2F 0-2: Ball 1-2: Ground out 4-3 (Groundball, 4)
|
Bottom of the 5th over - 0 runs, 0 hits, 0 errors, 0 left on base; Pawnee 3 - Calgary 6 |
TOP OF THE 6TH |
Pawnee ParksNRec batting - Pitching for Calgary Lynx : RHP Roy Shively
|
Batting: RHB Brant Thigpen
|
0-0: Ball 1-0: Called Strike 1-1: Ball 2-1: Ball 3-1: Base on Balls
|
Batting: RHB Britt Lynch
|
0-0: Swinging Strike 0-1: Ball 1-1: Called Strike 1-2: Foul Ball, location: 2F 1-2: Ball 2-2: Ball 3-2: Foul Ball, location: 2F 3-2: Foul Ball, location: 2F 3-2: Base on Balls Brant Thigpen to second
|
Pitching: RHP Mark Simmons
|
|
Batting: SHB Dennis Barraclough
|
0-0: Called Strike 0-1: Swinging Strike 0-2: Strikes out swinging
|
Batting: LHB Felipe Trujillo
|
0-0: Swinging Strike 0-1: Ball 1-1: Foul Ball, location: 2F 1-2: Strikes out looking
|
Batting: LHB Ryan Marken
|
0-0: Ball 1-0: Ball 2-0: Swinging Strike 2-1: Foul Ball, location: 2F 2-2: Ground out 4-3 (Groundball, 34)
|
Top of the 6th over - 0 runs, 0 hits, 0 errors, 2 left on base; Pawnee 3 - Calgary 6 |
BOTTOM OF THE 6TH |
Calgary Lynx batting - Pitching for Pawnee ParksNRec : RHP Francisco Luevanos
|
Batting: RHB Michael Garrett
|
0-0: Called Strike 0-1: Called Strike 0-2: Ball 1-2: Foul Ball, location: 2F 1-2: Fly out, F9 (Flyball, 9)
|
Batting: LHB Daniel García
|
0-0: Ball 1-0: Ground out 4-3 (Groundball, 4)
|
Batting: LHB Francisco Santos
|
0-0: Called Strike 0-1: Ball 1-1: Ball 2-1: Foul Ball, location: 2F 2-2: Fly out, F7 (Flyball, 78S)
|
Bottom of the 6th over - 0 runs, 0 hits, 0 errors, 0 left on base; Pawnee 3 - Calgary 6 |
TOP OF THE 7TH |
Pawnee ParksNRec batting - Pitching for Calgary Lynx : RHP Mark Simmons
|
Batting: SHB Júlio Camacho
|
0-0: Ball 1-0: Bunted foul 1-1: Fly out, F9 (Flyball, 9S)
|
Batting: RHB Nick Boyd
|
0-0: Foul Ball, location: 2F 0-1: Foul Ball, location: 2F 0-2: Foul Ball, location: 2F 0-2: Fly out, F9 (Flyball, 9S)
|
Batting: SHB Vicente Pueblo
|
0-0: Foul Ball, location: 2F 0-1: Foul Ball, location: 2F 0-2: Ground out 4-3 (Groundball, 4)
|
Top of the 7th over - 0 runs, 0 hits, 0 errors, 0 left on base; Pawnee 3 - Calgary 6 |
BOTTOM OF THE 7TH |
Calgary Lynx batting - Pitching for Pawnee ParksNRec : RHP Francisco Luevanos
|
Batting: RHB Tony Farquharson
|
0-0: Called Strike 0-1: Ball 1-1: Foul Ball, location: 2F 1-2: Foul Ball, location: 2F 1-2: Ground out 5-3 (Groundball, 56)
|
Batting: RHB Álex Estrada
|
0-0: Called Strike 0-1: SINGLE (Groundball, 15S) (infield hit)
|
Batting: RHB Miguel Rosales
|
0-0: Ball Álex Estrada steals 2nd base 1-0: DOUBLE (Flyball, 89D) Álex Estrada scores
|
Batting: SHB Lowell Moon
|
0-0: SINGLE (Line Drive, 4MD) Miguel Rosales to third
|
Batting: RHB Logan Namajunas
|
0-0: Ball 1-0: Ball 2-0: Swinging Strike 2-1: Ball 3-1: DOUBLE (Line Drive, 8RD) Miguel Rosales scores Lowell Moon to third
|
Batting: RHB Bass Reeves
|
0-0: Called Strike 0-1: Ball 1-1: Ball 2-1: Foul Ball, location: 2F 2-2: Ground out 6-3 (Groundball, 6S)
|
Batting: RHB Michael Garrett
|
0-0: Called Strike 0-1: Fly out, F9 (Flyball, 9D)
|
Bottom of the 7th over - 2 runs, 4 hits, 0 errors, 2 left on base; Pawnee 3 - Calgary 8 |
TOP OF THE 8TH |
Pawnee ParksNRec batting - Pitching for Calgary Lynx : RHP Mark Simmons
|
Batting: RHB Ken Bone
|
0-0: Ball 1-0: Foul Ball, location: 2F 1-1: Foul Ball, location: 2F 1-2: Ball 2-2: Foul Ball, location: 2F 2-2: Strikes out swinging
|
Pitching: RHP Bill Ball
|
|
Batting: RHB Brant Thigpen
|
0-0: Fly out, F9 (Flyball, 89M)
|
Batting: RHB Britt Lynch
|
0-0: Ball 1-0: Called Strike 1-1: Swinging Strike 1-2: Ball 2-2: Ground out 5-3 (Groundball, 56)
|
Top of the 8th over - 0 runs, 0 hits, 0 errors, 0 left on base; Pawnee 3 - Calgary 8 |
BOTTOM OF THE 8TH |
Calgary Lynx batting - Pitching for Pawnee ParksNRec : RHP Francisco Luevanos
|
Batting: LHB Daniel García
|
0-0: Ground out 4-3 (Groundball, 4)
|
Batting: LHB Francisco Santos
|
0-0: Ball 1-0: Ball 2-0: Called Strike 2-1: Called Strike 2-2: DOUBLE (Line Drive, 9LM)
|
Batting: RHB Tony Farquharson
|
0-0: Called Strike 0-1: Swinging Strike 0-2: Strikes out swinging
|
Pitching: RHP Ronaldo Matos
|
|
Batting: RHB Álex Estrada
|
0-0: Ball 1-0: Called Strike 1-1: Ball 2-1: Ball 3-1: Base on Balls
|
Batting: RHB Miguel Rosales
|
0-0: Ball 1-0: Called Strike 1-1: SINGLE (Line Drive, 6M) Francisco Santos to third Álex Estrada to second
|
Batting: SHB Lowell Moon
|
0-0: Ball 1-0: Called Strike 1-1: Ball 2-1: Ground out U3 (Groundball, 3)
|
Bottom of the 8th over - 0 runs, 2 hits, 0 errors, 3 left on base; Pawnee 3 - Calgary 8 |
TOP OF THE 9TH |
Pawnee ParksNRec batting - Pitching for Calgary Lynx : RHP Bill Ball
|
Batting: SHB Dennis Barraclough
|
0-0: Ball 1-0: Foul Ball, location: 2F 1-1: Called Strike 1-2: Strikes out looking
|
Batting: LHB Felipe Trujillo
|
0-0: Ball 1-0: Ball 2-0: DOUBLE (Line Drive, 9D)
|
Batting: LHB Ryan Marken
|
0-0: Ball 1-0: Ball 2-0: Called Strike 2-1: Called Strike 2-2: Ball 3-2: Foul Ball, location: 2F 3-2: Ground out 5-3 (Groundball, 5)
|
Batting: SHB Júlio Camacho
|
0-0: Foul Ball, location: 2F 0-1: Ball 1-1: Ground out 5-3 (Groundball, 56S)
|
Top of the 9th over - 0 runs, 1 hit, 0 errors, 1 left on base; Pawnee 3 - Calgary 8 |
|